 Dungeon Crawl Stone Soup version 0.25.0-46-gbd7b0854d2 (webtiles) character file.

Game seed: 9653226417411751311

77 Ethylacetat the Poker (level 4, 35/35 HPs)
             Began as a Demonspawn Gladiator on July 17, 2020.
             Got out of the dungeon alive.
             The game lasted 00:02:48 (1736 turns).

Ethylacetat the Poker (Demonspawn Gladiator)        Turns: 1736, Time: 00:02:49

Health: 35/35      AC:  4    Str: 15    XL:     4   Next: 14%
Magic:  4/4        EV: 12    Int: 10    God:
Gold:   69         SH:  0    Dex: 14    Spells: 3/3 levels left

rFire    . . .     SeeInvis .   h - +2 dagger (drain)
rCold    . . .     Gourm    .   (no shield)
rNeg     . . .     Faith    .   b - +0 leather armour
rPois    .         Spirit   .   c - +0 helmet
rElec    .         Reflect  .   (no cloak)
rCorr    .         Harm     .   (no gloves)
MR       .....                  (no boots)
Stlth    +.........             (no amulet)
HPRegen  0.11/turn              (no ring)
MPRegen  0.09/turn              (no ring)

@: no status effects
A: talons 1, demonic guardian 1, powered by pain 1
a: no special abilities


You escaped.
You were not hungry.

You visited 1 branch of the dungeon, and saw 2 of its levels.

You collected 69 gold pieces.

Inventory:

Hand Weapons
 a - a +0 trident
 h - a +2 dagger of draining (weapon)
Missiles
 d - 3 throwing nets (quivered)
Armour
 b - a +0 leather armour (worn)
 c - a +0 helmet (worn)
Jewellery
 k - an uncursed ring of ice {unknown}
Scrolls
 i - a scroll of immolation {unknown}
 j - a scroll of fog {unknown}
Potions
 e - a potion of stabbing {unknown}
Comestibles
 f - 5 rations
 g - 3 chunks of flesh


   Skills:
 + Level 3.0 Fighting
 * Level 4.0 Polearms
 - Level 1.7 Throwing
 - Level 2.6 Dodging


You had 3 spell levels left.
You didn't know any spells.
Your spell library was empty.

Dungeon Overview and Level Annotations

Branches:
Dungeon (2/15)

Altars:
Hepliaklqana
Nemelex Xobeh
Sif Muna


Innate Abilities, Weirdness & Mutations

You have sharp toenails.
A weak demonic guardian rushes to your aid.
You sometimes gain a little power by taking damage.


Message History

Unknown command.
There is an open door here.
Some of the chunks of flesh in your inventory have rotted away.
You open the door.
There is an open door here.
Eating one of 6 chunks of flesh.
You eat one of the 6 chunks of flesh.
This raw flesh tastes terrible.
Some of the chunks of flesh in your inventory have rotted away.
There is an open door here.
There is an open door here.
There is a stone staircase leading up here.
You climb upwards.
There is a stone staircase leading down here.
You see here a +0 club.
There is a staircase leading out of the dungeon here.
You can't go down here!
Are you sure you want to leave the Dungeon?
This will make you lose the game! [Y]es or [N]o only, please.
Are you sure you want to leave the Dungeon?
This will make you lose the game!
You have escaped!

##.####..........#.......#####.#
##.#####.#######...###.........##
#.................###.).........
#)######P.............P####..###
##.# #≈P...........P≈# #..#
.#.######≈≈P.........P≈≈# #..#
.#......#≈≈≈P.......P≈≈≈####..###
.#.######≈≈≈≈P.....P≈≈≈≈#.......#
.#.# #≈≈≈≈≈P.@.P≈≈≈≈≈#.......#
.#.######≈≈≈≈P.....P≈≈≈≈####....#
.......##≈≈≈P.......P≈≈≈#......##
.#####.##≈≈P.........P≈≈#........
.# #.##≈P...........P≈##.....##
.# #..#P.............P##.#.#.# .#
#.#.#######.............#.#
.#####.#.# ###.###.###.###.#
.......#.# #.# #.###.###.#


There were no monsters in sight!

Vanquished Creatures
  2 adders (D:2)
  A worm (D:2)
  A dart slug (D:1)
  A leopard gecko (D:2)
  8 bats
  3 giant cockroaches
  8 goblins
  12 hobgoblins
  A jackal (D:1)
  4 kobolds
  A ball python (D:2)
  3 frilled lizards
  3 rats
48 creatures vanquished.

Notes
Turn   | Place    | Note
-------+----------+-------------------------------------------
     0 | D:1      | Ethylacetat the Demonspawn Gladiator began the quest for
                  | the Orb.
     0 | D:1      | Reached XP level 1. HP: 16/16 MP: 1/1
    89 | D:1      | Reached skill level 3 in Polearms
   109 | D:1      | Gained mutation: You sometimes gain a little power by
                  | taking damage. [demonic ancestry]
   109 | D:1      | Reached XP level 2. HP: 10/22 MP: 2/2
   727 | D:1      | Gained mutation: You have sharp toenails. [demonic
                  | ancestry]
   727 | D:1      | Reached XP level 3. HP: 28/28 MP: 3/3
  1163 | D:2      | Found a sparkling altar of Nemelex Xobeh.
  1278 | D:2      | Found a shimmering blue altar of Sif Muna.
  1478 | D:2      | Found a hazy altar of Hepliaklqana.
  1548 | D:2      | Reached skill level 4 in Polearms
  1584 | D:2      | Gained mutation: A weak demonic guardian rushes to your
                  | aid. [demonic ancestry]
  1584 | D:2      | Reached XP level 4. HP: 34/34 MP: 4/4
  1736 | D:$      | Got out of the dungeon alive.

Illustrated notes

Levels and vault maps discovered:
D:1:      eino_arrival_druids_welcome, layout_loops_ring, minmay_bisected
D:2:      layout_loops_corners, lemuel_coloured_pillars_altar,
          lemuel_doored_altar, overflow_temple_1_default, first_ration

Skill      XL: |  1  2  3  4 |
---------------+-------------+-----
Polearms       | 3 4 |  4.0
Fighting       | 3 |  3.0
Throwing       | |  1.7
Dodging        | |  2.6

Action                   |  1- 3 |  4- 6 || total
-------------------------+-------+-------++-------
Melee: Trident           |    68 |       ||    68
       Dagger            |    67 |     3 ||    70
       Kick              |     8 |     1 ||     9
  Eat: Chunk             |     2 |     1 ||     3
Armor: Leather armour    |    52 |     2 ||    54
Dodge: Dodged            |    94 |     1 ||    95
